| TOP OF THE 1ST |
|
Trenton Thunder batting - Pitching for Arkansas Travelers : RHP Humberto Paniagua
|
|
Pitching: RHP Humberto Paniagua
|
|
|
Batting: RHB Phil Reeves
|
0-0: Ball 1-0: Called Strike 1-1: Foul Ball, location: 2F 1-2: Fly out, F8 (Flyball, 8RM, EV 76.2 MPH)
|
|
Batting: SHB Ryan Buchbinder
|
0-0: Ball 1-0: Called Strike 1-1: Foul Ball, location: 2F 1-2: Foul Ball, location: 2F 1-2: Ball 2-2: Ball 3-2: Ground out 1-3 (Groundball, 15S, EV 71.2 MPH)
|
|
Batting: LHB Bobby Upton
|
0-0: Ball 1-0: Ground out 5-3 (Groundball, 5S, EV 78.8 MPH)
|
| Top of the 1st over - 0 runs, 0 hits, 0 errors, 0 left on base; Trenton 0 - Arkansas 0 |
| BOTTOM OF THE 1ST |
|
Arkansas Travelers batting - Pitching for Trenton Thunder : RHP Aneirin Cadwallader
|
|
Pitching: RHP Aneirin Cadwallader
|
|
|
Batting: LHB Justin Alexander
|
0-0: Ball 1-0: Ball 2-0: Ground out 4-3 (Groundball, 4, EV 105.0 MPH)
|
|
Batting: SHB Mario Padron
|
0-0: Foul Ball, location: 2F 0-1: SINGLE (Groundball, P, EV 85.6 MPH) (infield hit)
|
|
Batting: RHB Mike Alm
|
0-0: Called Strike 0-1: Ball Mario Padron steals 2nd base 1-1: Foul Ball, location: 2F 1-2: Fly out, F9 (Flyball, 89D, EV 101.9 MPH) Runner from 2nd tags up, SAFE at 3rd, no throw by RF
|
|
Batting: RHB Tim Lively
|
0-0: Called Strike 0-1: Fly out, F3 (Line Drive, 3, EV 70.0 MPH)
|
| Bottom of the 1st over - 0 runs, 1 hit, 0 errors, 1 left on base; Trenton 0 - Arkansas 0 |
| TOP OF THE 2ND |
|
Trenton Thunder batting - Pitching for Arkansas Travelers : RHP Humberto Paniagua
|
|
Batting: RHB Jose Tovar
|
0-0: Swinging Strike 0-1: Foul Ball, location: 2F 0-2: Ball 1-2: Ball 2-2: Foul Ball, location: 2F 2-2: Ball 3-2: Ground out 6-3 (Groundball, 6S, EV 82.5 MPH)
|
|
Batting: RHB Larry Martell
|
0-0: Ball 1-0: Ground out U3 (Groundball, 3, EV 86.2 MPH)
|
|
Batting: SHB David Stewart
|
0-0: Ball 1-0: Ball 2-0: Called Strike 2-1: Called Strike 2-2: Foul Ball, location: 2F 2-2: Ball 3-2: Ground out 4-3 (Groundball, 34D, EV 103.8 MPH)
|
| Top of the 2nd over - 0 runs, 0 hits, 0 errors, 0 left on base; Trenton 0 - Arkansas 0 |
| BOTTOM OF THE 2ND |
|
Arkansas Travelers batting - Pitching for Trenton Thunder : RHP Aneirin Cadwallader
|
|
Batting: RHB Jon Griffin
|
0-0: Called Strike 0-1: Ball 1-1: Ball 2-1: Called Strike 2-2: Ground out 6-3 (Groundball, 6, EV 86.2 MPH)
|
|
Batting: RHB Danny Bjarnson
|
0-0: Ball 1-0: Foul Ball, location: 2F 1-1: Ball 2-1: Ball 3-1: Foul Ball, location: 2F 3-2: Ground out 6-3 (Groundball, 56, EV 84.4 MPH)
|
|
Batting: RHB Jose Ramirez
|
0-0: Ground out 6-3 (Groundball, 6, EV 93.1 MPH)
|
| Bottom of the 2nd over - 0 runs, 0 hits, 0 errors, 0 left on base; Trenton 0 - Arkansas 0 |
| TOP OF THE 3RD |
|
Trenton Thunder batting - Pitching for Arkansas Travelers : RHP Humberto Paniagua
|
|
Batting: RHB Dale Altman
|
0-0: Ball 1-0: Fly out, F7 (Flyball, 7LS, EV 94.4 MPH)
|
|
Batting: RHB Roberto Tena
|
0-0: Ball 1-0: Ball 2-0: Ground out 5-3 (Groundball, 5, EV 101.9 MPH)
|
|
Batting: RHB Javier Umanzor
|
0-0: Ball 1-0: Ball 2-0: Ball 3-0: Base on Balls
|
|
Batting: RHB Phil Reeves
|
0-0: Called Strike 0-1: Foul Ball, location: 2F 0-2: Ball 1-2: Foul Ball, location: 2F 1-2: Fly out, F8 (Flyball, 8LM, EV 86.9 MPH)
|
| Top of the 3rd over - 0 runs, 0 hits, 0 errors, 1 left on base; Trenton 0 - Arkansas 0 |
| BOTTOM OF THE 3RD |
|
Arkansas Travelers batting - Pitching for Trenton Thunder : RHP Aneirin Cadwallader
|
|
Batting: RHB Reginald McDougall
|
0-0: Ball 1-0: Called Strike 1-1: Foul Ball, location: 2F 1-2: Foul Ball, location: 2F 1-2: Ground out 4-3 (Groundball, 4, EV 91.9 MPH)
|
|
Batting: LHB Mutsuo IIda
|
0-0: Fly out, F8 (Flyball, 8RM, EV 83.1 MPH)
|
|
Batting: LHB Justin Alexander
|
0-0: Called Strike 0-1: Ball 1-1: Ground out 6-3 (Groundball, 56, EV 79.4 MPH)
|
| Bottom of the 3rd over - 0 runs, 0 hits, 0 errors, 0 left on base; Trenton 0 - Arkansas 0 |
| TOP OF THE 4TH |
|
Trenton Thunder batting - Pitching for Arkansas Travelers : RHP Humberto Paniagua
|
|
Batting: SHB Ryan Buchbinder
|
0-0: Ball 1-0: Ball 2-0: Swinging Strike 2-1: Fly out, F6 (Popup, 6, EV 65.6 MPH)
|
|
Batting: LHB Bobby Upton
|
0-0: Foul Ball, location: 2F 0-1: Called Strike 0-2: Fly out, F5 (Line Drive, 5, EV 70.6 MPH)
|
|
Batting: RHB Jose Tovar
|
0-0: SINGLE (Groundball, 56D, EV 106.9 MPH)
|
|
Batting: RHB Larry Martell
|
0-0: Ball 1-0: SINGLE (Flyball, 3D, EV 95.0 MPH) Jose Tovar to second Runner from 2nd tries for 3rd, OUT! 9-5
|
| Top of the 4th over - 0 runs, 2 hits, 0 errors, 1 left on base; Trenton 0 - Arkansas 0 |
| BOTTOM OF THE 4TH |
|
Arkansas Travelers batting - Pitching for Trenton Thunder : RHP Aneirin Cadwallader
|
|
Batting: SHB Mario Padron
|
0-0: Ball 1-0: Ball 2-0: Ball 3-0: Base on Balls
|
|
Batting: RHB Mike Alm
|
0-0: Called Strike Mario Padron steals 2nd base 0-1: Ground out 6-3 (Groundball, 6, EV 80.6 MPH) Mario Padron to third
|
|
Batting: RHB Tim Lively
|
0-0: Ground out 5-3 (Groundball, 56S, EV 78.8 MPH) Mario Padron scores
|
|
Batting: RHB Jon Griffin
|
0-0: Called Strike 0-1: SINGLE (Groundball, 4MD, EV 102.5 MPH)
|
|
Batting: RHB Danny Bjarnson
|
0-0: Ball 1-0: Ball 2-0: Ball 3-0: Foul Ball, location: 2F 3-1: Base on Balls Jon Griffin to second
|
|
Batting: RHB Jose Ramirez
|
0-0: Fielders Choice at 2nd, 6-4 (Groundball, 6, EV 106.2 MPH)
|
| Bottom of the 4th over - 1 run, 1 hit, 0 errors, 2 left on base; Trenton 0 - Arkansas 1 |
| TOP OF THE 5TH |
|
Trenton Thunder batting - Pitching for Arkansas Travelers : RHP Humberto Paniagua
|
|
Batting: SHB David Stewart
|
0-0: Ball 1-0: Ball 2-0: Ball 3-0: Called Strike 3-1: Fly out, F7 (Flyball, 7LD, EV 106.2 MPH)
|
|
Batting: RHB Dale Altman
|
0-0: Ball 1-0: Ground out 5-3 (Groundball, 5, EV 104.4 MPH)
|
|
Batting: RHB Roberto Tena
|
0-0: Called Strike 0-1: Ball 1-1: SINGLE (Line Drive, 4D, EV 98.8 MPH)
|
|
Batting: RHB Javier Umanzor
|
0-0: Ball 1-0: Foul Ball, location: 2F 1-1: Foul Ball, location: 2F 1-2: Foul Ball, location: 2F 1-2: Ground out 4-3 (Groundball, 34, EV 90.0 MPH)
|
| Top of the 5th over - 0 runs, 1 hit, 0 errors, 1 left on base; Trenton 0 - Arkansas 1 |
| BOTTOM OF THE 5TH |
|
Arkansas Travelers batting - Pitching for Trenton Thunder : RHP Aneirin Cadwallader
|
|
Batting: RHB Reginald McDougall
|
0-0: Bunt for hit to 25 - play at first, batter OUT! 5-3
|
|
Batting: LHB Mutsuo IIda
|
0-0: Swinging Strike 0-1: Ball 1-1: Ball 2-1: Called Strike 2-2: Strikes out swinging
|
|
Batting: LHB Justin Alexander
|
0-0: Swinging Strike 0-1: Called Strike 0-2: Ball 1-2: Strikes out swinging
|
| Bottom of the 5th over - 0 runs, 0 hits, 0 errors, 0 left on base; Trenton 0 - Arkansas 1 |
| TOP OF THE 6TH |
|
Trenton Thunder batting - Pitching for Arkansas Travelers : RHP Humberto Paniagua
|
|
Batting: RHB Phil Reeves
|
0-0: Fly out, F9 (Line Drive, 9S, EV 91.2 MPH)
|
|
Batting: SHB Ryan Buchbinder
|
0-0: Ball 1-0: Ball 2-0: Called Strike 2-1: Ground out 4-3 (Groundball, 4, EV 79.4 MPH)
|
|
Batting: LHB Bobby Upton
|
0-0: Fly out, F8 (Line Drive, 8RD, EV 93.1 MPH)
|
| Top of the 6th over - 0 runs, 0 hits, 0 errors, 0 left on base; Trenton 0 - Arkansas 1 |
| BOTTOM OF THE 6TH |
|
Arkansas Travelers batting - Pitching for Trenton Thunder : RHP Aneirin Cadwallader
|
|
Batting: SHB Mario Padron
|
0-0: Ball 1-0: Swinging Strike 1-1: Ball 2-1: Ball 3-1: Base on Balls
|
|
Batting: RHB Mike Alm
|
0-0: Ball Mario Padron steals 2nd base 1-0: Ball 2-0: Called Strike 2-1: Ball 3-1: Fly out, F8 (Flyball, 78D, EV 102.5 MPH) Runner from 2nd tags up, SAFE at 3rd with throw by CF
|
|
Batting: RHB Tim Lively
|
0-0: Ball 1-0: Ball 2-0: SINGLE (Line Drive, 34D, EV 103.1 MPH) Mario Padron scores
|
|
Batting: RHB Jon Griffin
|
0-0: Ball 1-0: Foul Ball, location: 2F 1-1: Ball 2-1: Ball 3-1: Swinging Strike 3-2: Base on Balls Tim Lively to second
|
|
Batting: RHB Danny Bjarnson
|
0-0: Called Strike 0-1: Called Strike Tim Lively steals 3rd base Jon Griffin to second 0-2: Strikes out swinging
|
|
Batting: RHB Jose Ramirez
|
0-0: Ball 1-0: Foul Ball, location: 2F 1-1: Ball 2-1: Foul Ball, location: 2F 2-2: Strikes out swinging
|
| Bottom of the 6th over - 1 run, 1 hit, 0 errors, 2 left on base; Trenton 0 - Arkansas 2 |
| TOP OF THE 7TH |
|
Trenton Thunder batting - Pitching for Arkansas Travelers : RHP Humberto Paniagua
|
|
Batting: RHB Jose Tovar
|
0-0: Foul Ball, location: 2F 0-1: Ball 1-1: SOLO HOME RUN (Flyball, 7D, EV 102.5 MPH), Distance : 389 ft
|
|
Batting: RHB Larry Martell
|
0-0: Ball 1-0: Ball 2-0: Ground out 3-1 (Groundball, 34D, EV 96.2 MPH)
|
|
Batting: SHB David Stewart
|
0-0: Ball 1-0: Swinging Strike 1-1: Ball 2-1: Ball 3-1: Fly out, F4 (Popup, 34D, EV 48.8 MPH)
|
|
Batting: RHB Dale Altman
|
0-0: Called Strike 0-1: Called Strike 0-2: Ball 1-2: Foul Ball, location: 2F 1-2: DOUBLE (Line Drive, 3D, EV 106.9 MPH)
|
|
Batting: RHB Roberto Tena
|
0-0: Ball 1-0: Ground out 4-3 (Groundball, 34, EV 100.6 MPH)
|
| Top of the 7th over - 1 run, 2 hits, 0 errors, 1 left on base; Trenton 1 - Arkansas 2 |
| BOTTOM OF THE 7TH |
|
Arkansas Travelers batting - Pitching for Trenton Thunder : RHP Aneirin Cadwallader
|
|
Pitching: RHP Angel Gutierres
|
|
|
Batting: RHB Reginald McDougall
|
0-0: Ground out 5-3 (Groundball, 56S, EV 88.8 MPH)
|
|
Batting: LHB Mutsuo IIda
|
0-0: Foul Ball, location: 2F 0-1: Ball 1-1: Ball 2-1: Foul Ball, location: 2F 2-2: Foul Ball, location: 2F 2-2: Strikes out looking
|
|
Batting: LHB Justin Alexander
|
0-0: Ball 1-0: Ball 2-0: Ball 3-0: Base on Balls
|
|
Batting: SHB Mario Padron
|
0-0: Ball 1-0: Called Strike Justin Alexander steals 2nd base 1-1: Ball 2-1: Called Strike 2-2: Strikes out swinging
|
| Bottom of the 7th over - 0 runs, 0 hits, 0 errors, 1 left on base; Trenton 1 - Arkansas 2 |
| TOP OF THE 8TH |
|
Trenton Thunder batting - Pitching for Arkansas Travelers : RHP Humberto Paniagua
|
|
Pitching: RHP Dakota McAdam
|
|
|
Batting: RHB Javier Umanzor
|
0-0: Ball 1-0: Fly out, F9 (Flyball, 9D, EV 88.8 MPH)
|
|
Batting: RHB Phil Reeves
|
0-0: Fly out, F9 (Flyball, 9D, EV 91.9 MPH)
|
|
Batting: SHB Ryan Buchbinder
|
0-0: Foul Ball, location: 2F 0-1: Ball 1-1: Ball 2-1: Ground out 6-3 (Groundball, 56S, EV 80.6 MPH)
|
| Top of the 8th over - 0 runs, 0 hits, 0 errors, 0 left on base; Trenton 1 - Arkansas 2 |
| BOTTOM OF THE 8TH |
|
Arkansas Travelers batting - Pitching for Trenton Thunder : RHP Angel Gutierres
|
|
Pitching: RHP Jimmy Williams
|
|
|
Batting: RHB Mike Alm
|
0-0: Fly out, F8 (Flyball, 8LD, EV 100.0 MPH)
|
|
Batting: RHB Tim Lively
|
0-0: Ball 1-0: Called Strike 1-1: Ball 2-1: Called Strike 2-2: Ball 3-2: SINGLE (Flyball, 89S, EV 98.1 MPH)
|
|
Batting: RHB Jon Griffin
|
0-0: Called Strike 0-1: Ball 1-1: Swinging Strike 1-2: Ball 2-2: Foul Ball, location: 2F 2-2: SINGLE (Groundball, 5S, EV 64.4 MPH) (infield hit) Tim Lively to second
|
|
Batting: RHB Danny Bjarnson
|
0-0: Foul Ball, location: 2F 0-1: Ball 1-1: Ball 2-1: Foul Ball, location: 2F 2-2: DOUBLE (Line Drive, 3D, EV 98.1 MPH) Tim Lively scores Jon Griffin to third
|
|
Batting: RHB Jose Ramirez
|
0-0: Called Strike 0-1: Foul Ball, location: 2F 0-2: Strikes out swinging
|
|
Batting: RHB Reginald McDougall
|
0-0: Ball 1-0: Fly out, F8 (Flyball, 8RD, EV 106.2 MPH)
|
| Bottom of the 8th over - 1 run, 3 hits, 0 errors, 2 left on base; Trenton 1 - Arkansas 3 |
| TOP OF THE 9TH |
|
Trenton Thunder batting - Pitching for Arkansas Travelers : RHP Dakota McAdam
|
|
Pitching: RHP Danny Nava
|
|
|
Batting: LHB Bobby Upton
|
0-0: Called Strike 0-1: Called Strike 0-2: Strikes out swinging
|
|
Batting: RHB Jose Tovar
|
0-0: Ball 1-0: Called Strike 1-1: Ball 2-1: Fly out, F6 (Popup, P, EV 83.8 MPH)
|
|
Batting: RHB Larry Martell
|
0-0: Called Strike 0-1: Ball 1-1: Ball 2-1: Called Strike 2-2: Foul Ball, location: 2F 2-2: Foul Ball, location: 2F 2-2: Strikes out swinging
|
| Top of the 9th over - 0 runs, 0 hits, 0 errors, 0 left on base; Trenton 1 - Arkansas 3 |
|